 Dungeon Crawl Stone Soup version 0.28.0 (webtiles) character file.

Game seed: 14042343975545342482

1355 Lathuz the Cleaver (level 8, -3/73 HPs)
             Began as a Hill Orc Fighter on Feb 9, 2022.
             Was an Initiate of Beogh.
             Killed by an exploding yak (16 damage)
             ... ignited by their inner flame
             ... on level 7 of the Dungeon.
             The game lasted 00:09:09 (6362 turns).

Lathuz the Cleaver (Hill Orc Fighter)               Turns: 6362, Time: 00:09:10

Health: -3/73      AC:  6    Str: 21    XL:     8   Next: 63%
Magic:  8/8        EV:  9    Int:  8    God:    Beogh [......]
Gold:   185        SH:  6    Dex: 10    Spells: 7/7 levels left

rFire   . . .      SeeInvis .   r - +0 broad axe (freeze)
rCold   . . .      Faith    .   c - +1 buckler
rNeg    . . .      Spirit   .   b - +0 scale mail
rPois   .          Reflect  .   (no helmet)
rElec   .          Harm     .   (no cloak)
rCorr   .          Rampage  .   (no gloves)
Will    .....                   (no boots)
Stlth   ..........              (no amulet)
HPRegen 0.22/turn               (no ring)
MPRegen 0.11/turn               (no ring)

@: about to teleport
A: no striking features
a: Renounce Religion


You were on level 7 of the Dungeon.
You worshipped Beogh.
Beogh was noncommittal.
You visited 1 branch of the dungeon, and saw 7 of its levels.

You collected 185 gold pieces.

Inventory:

Hand Weapons
 a - a +0 war axe
 e - a +1 whip of electrocution
 r - a +0 broad axe of freezing (weapon)
Missiles
 o - 3 poisoned darts
 s - 88 stones (quivered)
Armour
 b - a +0 scale mail (worn)
 c - a +1 buckler (worn)
Jewellery
 q - a ring of fire
Wands
 i - a wand of iceblast (7)
Scrolls
 f - a scroll of magic mapping {unknown}
 g - 2 scrolls of enchant armour
 h - 3 scrolls of identify {unknown}
 K - a scroll of immolation
Potions
 d - 2 potions of brilliance {unknown}
 k - 3 potions of mutation {unknown}
 l - a potion of degeneration {unknown}
 m - a potion of haste {unknown}
 n - a potion of magic {unknown}
 p - a potion of resistance {unknown}
 u - a potion of attraction {unknown}
 I - a potion of invisibility
 M - a potion of might
 N - 2 potions of heal wounds {@q2}


   Skills:
 + Level 7.1 Fighting
 * Level 9.9 Axes
 - Level 3.2 Armour
 + Level 6.4 Shields


You had 7 spell levels left.
You didn't know any spells.
Your spell library contained the following spells:

 Spells                   Type           Power      Damage    Failure   Level
 Animate Skeleton         Necr           0%         N/A       83%         1
 Apportation              Tloc           0%         N/A       83%         1
 Freeze                   Ice            0%         1d3       83%         1
 Summon Small Mammal      Summ           0%         N/A       83%         1
 Frozen Ramparts          Ice            0%         1d2       99%         3
 Ignite Poison            Fire/Tmut/Pois 0%         N/A       99%         3
 Mephitic Cloud           Conj/Pois/Air  0%         N/A       99%         3
 Hailstorm                Conj/Ice       0%         3d3       100%        4
 Freezing Cloud           Conj/Ice/Air   0%         6-21      100%        5


Dungeon Overview and Level Annotations

Branches:
Dungeon (7/15)             Temple (0/1) D:5

Altars:
Elyvilon
Nemelex Xobeh
Okawaru
The Shining One

Annotations:
D:3 1 runed translucent door, Crazy Yiuf
D:4 Dowan, Duvessa


Message History

Beogh smites you!
* * * LOW HITPOINT WARNING * * *
The bullfrog hits you.
* * * LOW HITPOINT WARNING * * *
The orc wizard mumbles some strange words.
The orc wizard flickers and vanishes!
You feel much better.
You feel much better.
You feel much better. The bullfrog hits you. The yak gores you.
As you read the scroll labelled QUXONLAH JUGUA, it crumbles to dust.
The creatures around you are filled with an inner flame!
It was a scroll of immolation.
K - a scroll of immolation The yak gores you.
The orc hits you with a +0 hand axe. The bullfrog hits you!
The orc hits you with a +0 hand axe. The bullfrog hits you.
As you read the scroll labelled OSHRUX PIELIOZ, it crumbles to dust.
You feel strangely unstable.
It was a scroll of teleportation.
The orc priest looks encouraged for a moment.
Okay, then.
You slice the bullfrog!!
Flame seeps out of the bullfrog.
You freeze the bullfrog. You hit the yak but do no damage. You hit the orc.
Flame seeps out of the orc.
You freeze the orc. You hit the yak but do no damage.
The orc explodes!
The fiery explosion engulfs you!!
* * * LOW HITPOINT WARNING * * *
The fiery explosion engulfs the yak!!!
The fiery explosion engulfs the yak!!
Flame seeps out of the yak.
The yak is severely wounded.
The fiery explosion engulfs something!!
Reactivating autopickup.
You feel a bit more experienced.
The orc wizard explodes!
The fiery explosion engulfs the orc!!!
The fiery explosion engulfs the yak!!
The fiery explosion engulfs the orc priest!!
Beogh appreciates your killing of a heretic priest.
The orc priest explodes!
The yak explodes!
The fiery explosion engulfs you!
You die...

. #......###.....#
#...#
..#........#......#
#...#
....#............#
#...##
..####...######..#
##....## .# ##..# #..#
#....... #... #..##
#.###### ##.. #...#
#.# ##. #§§§# #.#
#@○§## ##.# #○§§§#
##÷.#
...##§§§§####<..# ♣
#......§§§.#.....#♣.♣
..........>.........#
......?............#.#
......#.............#
.....####........#♣.♣
..... #.........# .♣


There were no monsters in sight!

Vanquished Creatures
  5 yaks (D:7)
  Menkaure (D:5)
  A water moccasin (D:7)
  An ice beast (D:6)
  A black bear (D:7)
  A necrophage (D:7)
  A centaur (D:7)
  Blork the orc (D:5)
  A bullfrog (D:7)
  A wyvern skeleton (D:3)
  A hound (D:4)
  A bullfrog skeleton (D:5)
  A bullfrog zombie (D:5)
  An orc priest (D:7)
  Natasha (D:2)
  An orc wizard (D:7)
  A howler monkey skeleton (D:7)
  5 adders
  A worm (D:3)
  2 dart slugs
  8 orcs
  6 endoplasms
  A giant cockroach (D:1)
  6 goblins
  6 hobgoblins
  3 jackals (D:2)
  2 quokkas (D:1)
  3 ball pythons (D:1)
  4 bats
  5 kobolds
  6 rats
79 creatures vanquished.

Vanquished Creatures (others)
  Jessica (D:3)
1 creature vanquished.

Grand Total: 80 creatures vanquished

Notes
Turn   | Place    | Note
-------+----------+-------------------------------------------
     0 | D:1      | Lathuz the Hill Orc Fighter began the quest for the Orb.
     0 | D:1      | Reached XP level 1. HP: 19/19 MP: 1/1
    59 | D:1      | Reached skill level 3 in Axes
    83 | D:1      | Reached XP level 2. HP: 24/27 MP: 2/2
  1094 | D:2      | Reached XP level 3. HP: 17/33 MP: 3/3
  1315 | D:2      | Reached skill level 4 in Axes
  1872 | D:2      | Noticed Natasha
  1881 | D:2      | Killed Natasha
  1882 | D:2      | Reached XP level 4. HP: 25/40 MP: 4/4
  2595 | D:3      | Became a worshipper of Beogh the Brigand
  2602 | D:3      | Reached skill level 5 in Axes
  2630 | D:3      | Killed Jessica
  2777 | D:3      | Found a runed translucent door.
  2778 | D:3      | Noticed Crazy Yiuf
  2990 | D:3      | Reached XP level 5. HP: 14/47 MP: 5/5
  3677 | D:5      | Entered Level 5 of the Dungeon
  3971 | D:4      | Noticed a black bear
  4121 | D:4      | Noticed Duvessa
  4122 | D:4      | Noticed Dowan
  4225 | D:5      | Found a staircase to the Ecumenical Temple.
  4261 | D:5      | Noticed Menkaure
  4275 | D:5      | Killed Menkaure
  4276 | D:5      | Reached skill level 5 in Fighting
  4276 | D:5      | Reached skill level 6 in Axes
  4276 | D:5      | Reached XP level 6. HP: 14/56 MP: 6/6
  4658 | D:5      | Found a white marble altar of Elyvilon.
  4667 | D:5      | Noticed Blork the orc
  4676 | D:5      | Killed Blork the orc
  4704 | D:5      | Reached skill level 7 in Axes
  4704 | D:5      | Reached skill level 5 in Shields
  4704 | D:5      | Reached XP level 7. HP: 34/61 MP: 7/7
  4930 | D:5      | Found an iron altar of Okawaru.
  5045 | D:5      | You fall into a shaft and drop 2 floors!
  5382 | D:7      | Found a sparkling altar of Nemelex Xobeh.
  5461 | D:7      | Reached skill level 8 in Axes
  5516 | D:7      | Found a glowing golden altar of the Shining One.
  5864 | D:6      | Noticed a yak
  5864 | D:6      | Noticed a yak
  5868 | D:6      | Noticed a yak
  5868 | D:6      | Noticed a yak
  5868 | D:6      | Noticed a yak
  5876 | D:7      | Reached XP level 8. HP: 63/71 MP: 8/8
  5917 | D:7      | Killed a yak
  5918 | D:7      | Reached skill level 9 in Axes
  5919 | D:7      | Killed a yak
  6213 | D:7      | Killed a yak
  6362 | D:7      | Killed a yak
  6362 | D:7      | Killed a yak
  6362 | D:7      | Killed by an exploding yak... ignited by their inner flame

Illustrated notes

Levels and vault maps discovered:
D:1:      minmay_arrival_plants_in_alcoves, layout_basic, chequers_jeans
D:2:      layout_basic, uniq_natasha
D:3:      layout_basic, uniq_jessica, uniq_crazy_yiuf_cottage
D:4:      layout_cave_pools, fedhas_altar_decomposition, uniq_duvessa
D:5:      layout_loops_corners, nicolae_elyvilon_peaceful_grove,
          general_overflow_altar, minmay_temple_entry_trees,
          chequers_serial_rivers_small_a, chequers_mini_garden,
          serial_park_tiny_2, uniq_blork_the_orc, uniq_ijyb, uniq_grinder,
          uniq_menkaure
D:6:      layout_loops_cross, mainiacjoe_overflow_alcove_2, kennysheep_mini
D:7:      nzn_winding_woodlands_small [nzn_winding_woodlands_5x15_twine,
          nzn_winding_woodlands_center_pierced_h,
          nzn_winding_woodlands_5x15_sawtooth], layout_layer_cave,
          nemelex_xobeh_ov_fountains_minmay, lemuel_round_altar,
          nicolae_figureground_pulse, uniq_prince_ribbit1, uniq_pikel

Skill      XL: |  1  2  3  4  5  6  7  8 |
---------------+-------------------------+-----
Axes           | 3 4 5 6 7 8 9 |  9.9
Fighting       | 4 5 6 7 |  7.1
Shields        | 4 5 6 |  6.4
Armour         | |  3.2

Action                   |  1- 3 |  4- 6 |  7- 9 || total
-------------------------+-------+-------+-------++-------
Melee: War axe           |    90 |    85 |       ||   175
       Broad axe         |       |     5 |    54 ||    59
Throw: Stone             |     8 |     1 |       ||     9
Invok: Convert to Beogh  |       |     1 |       ||     1
  Use: Scroll            |       |       |     3 ||     3
       Potion            |       |       |     3 ||     3
Armor: Scale mail        |    40 |    32 |    26 ||    98
Dodge: Dodged            |    30 |    29 |    37 ||    96
Block: Buckler           |    17 |    14 |    24 ||    55
